Description

Step by step 3-base build for new players

Build Order

Get SALT Encoding   

  12  0:01  Drone  
  13  0:12  Overlord  
  13  0:17  Drone  
  14  0:30  Drone x2  
  16  0:43  Drone x2  
  16  0:48  Spawning Pool  
  17  0:57  Drone  
  18  1:11  Hatchery  
  17  1:13  Extractor  
  16  1:15  Drone x2  
  18  1:35  Zergling x2  
  20  1:37  Queen  
  22  1:41  Roach Warren  
  21  1:46  Drone  
  22  2:00  Overlord  
  22  2:17  Queen  
  24  2:23  Queen  
  26  2:28  Roach x3  
  32  2:35  Drone x2  
  34  2:49  Overlord  
  34  3:04  Lair  
  34  3:10  Drone x4  
  38  3:20  Drone x4  
  42  3:24  Overlord  
  42  3:26  Drone x2  
  43  3:35  Extractor  
  42  3:40  Drone x4  
  46  3:45  Drone x4  
  50  3:53  Extractor  
  49  4:00  Drone x3  
  52  4:05  Extractor  
  51  4:10  Drone  
  52  4:15  Spire  
  51  4:21  Glial Reconstitution  
  51  4:27  Drone  
  52  4:30  Overlord  
  52  4:35  Drone x7  
  59  4:38  Spore Crawler x2  
  57  4:43  Overlord  
  57  5:09  Hatchery  
  56  5:15  Drone x2  
  58  5:20  Mutalisk x4  
  66  5:30  Zerg Flyer Weapons Level 1  
  66  5:35  Overlord  
  66  5:40  Mutalisk x2  
  70  5:45  Drone x3  
  73  5:50  Evolution Chamber  
  72  5:55  Evolution Chamber  
  71  6:00  Drone x5  
  76  6:05  Overlord  
  76  6:10  Drone x3  
  79  6:15  Drone x3  
  82  6:20  Overlord x2  
  82  6:30  Mutalisk x4  
  90  6:35  Drone x2  
  92  6:40  Roach x2  
  96  6:45  Zerg Missile Weapons Level 1  
  96  6:53  Zerg Ground Armor Level 1  
  96  6:57  Extractor x2  
  94  7:00  Drone x2  
  96  7:03  Roach x4  
  104  7:08  Hatchery  
  103  7:11  Roach  
  105  7:18  Overlord  
  105  7:25  Queen  
  107  7:35  Drone x6  
  113  7:40  Overlord  
  113  7:45  Drone x2  
Spawning Tool Build Advisor. Get it on Overwolf

Go to:

Details

  • Created by: KKriller
  • Published on: May 05, 2020
  • Modified on: May 05, 2020
  • Patch: 4.11.0
Show
View Real Time Build Order
Export as new Build Order

Comments (0)

There are no comments. Be the first!

Create an account to comment!